 Dungeon Crawl Stone Soup version 0.29.1-2-gbd0b4ee654 (webtiles) character file.

Game seed: 13944392961936989558

44539 Sabo the Severer (level 14, -5/92 HPs)
             Began as a Gargoyle Berserker on Nov 10, 2022.
             Was a High Priest of Trog.
             Killed from afar by a thorn hunter (30 damage)
             ... with a volley of thorns
             ... on level 2 of the Swamp.
             The game lasted 01:36:01 (15134 turns).

Sabo the Severer (Gargoyle Berserker)              Turns: 15134, Time: 01:36:02

Health: -5/92      AC: 30    Str: 28    XL:     14   Next: 29%
Magic:  14/14      EV: 18    Int: 11    God:    Trog [*****.]
Gold:   941        SH:  0    Dex: 14    Spells: 13/13 levels left

rFire   + + .      SeeInvis +   f - +8 mithril axe "Arga" {speed, Will+}
rCold   . . .      Faith    .   (no shield)
rNeg    + . .      Spirit   .   k - +0 acid dragon scales of Optimism {rF+ Regen+ rCorr}
rPois   ∞          Reflect  .   B - +1 helmet
rElec   +          Harm     .   a - +1 cloak of Starlight {*Dazzle EV+4 Stlth--}
rCorr   +          Rampage  .   (no gloves)
Will    ++...                   m - +2 pair of boots "Diwed" {Dex+5 SInv}
Stlth   ++........              F - amulet of the acrobat
HPRegen 1.05/turn               H - ring of Fyekla {Fly rF+ Str+2 Int+3}
MPRegen 0.14/turn               q - +4 ring of protection

@: flying
A: sickness immunity, AC +10, big wings, negative energy resistance 1,
electricity resistance, torment resistance 1, petrification resistance
a: Renounce Religion, Berserk, Trog's Hand, Brothers in Arms


You were on level 2 of the Swamp.
You worshipped Trog.
Trog was extremely pleased with you.
You visited 4 branches of the dungeon, and saw 16 of its levels.
You also visited: Sewer and Ossuary.

You collected 1013 gold pieces.
You spent 72 gold pieces at shops.

Inventory:

Hand Weapons
 f - the +8 mithril axe "Arga" (weapon) {speed, Will+}
   (You acquired it on level 5 of the Dungeon)

   Attacks with this weapon are significantly faster.
   Will:      It increases your willpower.
 i - a +5 battleaxe
 j - a +0 arbalest
 r - the +7 broad axe of Wisdom {antimagic, *Slow Str+3 Int+9}
   (You found it on level 5 of the Lair of Beasts)

   It reduces the magical energy of the wielder, and disrupts the spells and
   magical abilities of those it strikes.
   Natural abilities and divine invocations are not affected.
   Str:       It affects your strength (+3).
   Int:       It affects your intelligence (+9).
   *Slow:     It may slow you when you take damage.
 x - a +1 battleaxe of freezing
 L - a +7 quarterstaff of flaming
Missiles
 n - 4 curare-tipped darts
 s - 31 poisoned darts (quivered)
 I - 2 throwing nets
Armour
 a - the +1 cloak of Starlight (worn) {*Dazzle EV+4 Stlth--}
   (You acquired it on level 5 of the Dungeon)

   It may blind those who miss an attack against the wearer in melee combat.
   EV:        It affects your evasion (+4).
   Stlth:     It makes you much less stealthy.
 k - the +0 acid dragon scales of Optimism (worn) {rF+ Regen+ rCorr}
   (You acquired it in an ossuary)

   rF:        It protects you from fire.
   Regen:     It increases your rate of health regeneration.
   rCorr:     It protects you from acid and corrosion.
 m - the +2 pair of boots "Diwed" (worn) {Dex+5 SInv}
   (You acquired it on level 5 of the Dungeon)

   Dex:       It affects your dexterity (+5).
   SInv:      It lets you see invisible.
 B - a +1 helmet (worn)
 P - the +5 chain mail "Vinackac" {rC- Dex+4 Slay+2 SInv}
   (You found it on level 4 of the Lair of Beasts)

   Dex:       It affects your dexterity (+4).
   Slay:      It affects your accuracy & damage with ranged weapons and melee
   (+2).
   rC:        It makes you vulnerable to cold.
   SInv:      It lets you see invisible.
Jewellery
 q - a +4 ring of protection (right hand)
 F - an amulet of the acrobat (around neck)
 H - the ring of Fyekla (left hand) {Fly rF+ Str+2 Int+3}
   (You acquired it on level 5 of the Dungeon)

   [ring of flight]

   Str:       It affects your strength (+2).
   Int:       It affects your intelligence (+3).
   rF:        It protects you from fire.
   Fly:       It grants you flight.
 K - a ring of protection from cold
 O - a +6 ring of strength
Wands
 l - a wand of flame (5)
 p - a wand of iceblast (9)
 u - a wand of digging (8)
 z - a wand of polymorph (23)
 C - a wand of mindburst (19)
Scrolls
 d - 2 scrolls of summoning
 g - 7 scrolls of enchant weapon
 o - 8 scrolls of teleportation
 y - 2 scrolls of silence
 A - 2 scrolls of fear
 M - a scroll of magic mapping
Potions
 b - 3 potions of invisibility
 c - 3 potions of curing
 e - 3 potions of mutation
 h - 5 potions of might
 t - a potion of resistance {unknown}
 v - 8 potions of heal wounds
 w - 5 potions of haste
 E - 2 potions of cancellation {unknown}
 G - 2 potions of degeneration {unknown}
 J - a potion of ambrosia {unknown}
Miscellaneous
 D - a tin of tremorstones (2/2)


   Skills:
 + Level 12.6 Fighting
 + Level 16.7 Axes
 + Level 6.9 Armour
 + Level 6.9 Dodging
 + Level 8.7 Stealth


You had 13 spell levels left.
You didn't know any spells.
Your spell library was empty.

Dungeon Overview and Level Annotations

Branches:
Dungeon (8/15)             Temple (0/1) D:4            Lair (5/5) D:8
  Swamp (2/4) Lair:3        Snake (0/4) Lair:3        Slime (1/5) Lair:5
  Sewer (visited)         Ossuary (visited)

Altars:
Gozag
Makhleb
Ru
Vehumet
Yredelemnul
The Shining One

Shops:
D:2 (   D:4 [   D:7 :   D:8 *


Innate Abilities, Weirdness & Mutations

You are immune to sickness and miasma.
Your stone body is resilient. (AC +10)
You are immune to poison.
Your large and strong wings let you fly.
You resist negative energy. (rN+)
You are resistant to electric shocks. (rElec)
You are resistant to unholy torment.
You are immune to petrification.


Message History

The volley of thorns hits you!!
You hit the briar patch but do no damage.
The briar patch is severely damaged.
You slice the briar patch!!
You destroy the briar patch!
The thorn hunter fires a volley of thorns at you.
The volley of thorns hits you!
You slash the briar patch!
You destroy the briar patch!
The thorn hunter hits you but does no damage.
The thorn hunter hits you!
You hit the thorn hunter.
The thorn hunter is lightly damaged.
You are struck by the briar patch's thorns.
* * * LOW HITPOINT WARNING * * *
You slash the briar patch! You hit the briar patch.
The thorn hunter barely misses you.
The thorn hunter hits you but does no damage.
You feel much better. The thorn hunter completely misses you.
The thorn hunter hits you but does no damage.
You slash the thorn hunter!
The thorn hunter is lightly damaged.
You slash the briar patch!
You destroy the briar patch!
You slice the briar patch!!
You destroy the briar patch!
The thorn hunter hits you but does no damage. x2
You hit the thorn hunter but do no damage.
The thorn hunter is lightly damaged.
You hit the thorn hunter.
The thorn hunter is lightly damaged.
The thorn hunter fires a volley of thorns at you.
The volley of thorns hits you!
* * * LOW HITPOINT WARNING * * *
You closely miss the thorn hunter.
The thorn hunter is lightly damaged.
The briar patch crumbles away.
The thorn hunter fires a volley of thorns at you.
The volley of thorns hits you!!
You die...

)~§~~~~~...~~§~~~~.♣♣♣♣.~...♣♣
~.†...♣§~.~♣♣.~~~~~.♣.~♣~~..♣
♣♣~~~.....♣♣♣.~~~~~....♣♣♣♣♣♣
~~~..~~~~~.~~..~~~...♣♣♣
~~~~~~~~~~.....~§~..~.~♣
♣.~~~~.~~~~..~~~PP..~~.~♣♣♣♣
~~~.~..~~~~..~~PP♣♣~...~~~.♣
...~~~.~~~~.~....♣♣♣~♣.~~~~♣♣
..~~~~~~~~~.~f@.~)...~PP~~♣
~~~♣~~~~~.~~~~~PP~.♣
♣♣PPPPP~~~~~PP..♣
♣.P~PP.~~~~PP.~♣
~~<.~~.~.~~~.PP~.♣
~~..~~♣♣~..~.PP~.♣
~§.♣♣♣♣♣♣♣....PP..♣♣♣♣ ~.~
♣~~~..PP..~.~♣ ♣~~.♣♣PP.~~.~♣


You could see a thorn hunter.

Vanquished Creatures
  A bunyip (Swamp:1)
  4 hydras
  Fannar (Lair:3)
  A spriggan air mage (Swamp:1)
  4 catoblepae
  A two-headed ogre (D:6)
  7 alligators
  10 death yaks
  2 spriggans (Swamp:2)
  2 goliath frogs
  2 manticores (Lair:5)
  A will-o-the-wisp (Swamp:1)
  2 black mambas
  7 cane toads
  7 komodo dragons
  2 polar bears (Lair:2)
  2 hornets (Swamp:2)
  4 tyrant leeches
  18 blink frogs
  4 wyverns
  Eustachio (D:6)
  29 yaks
  4 basilisks
  2 steam dragons (D:8)
  7 vampire mosquitoes
  Edmund (D:6)
  8 swamp worms
  4 nagas (Lair:3)
  9 water moccasins
  An orc warrior (D:8)
  4 black bears
  A sky beast (D:5)
  2 ice beasts
  23 wolves (Lair:2)
  2 ogres
  2 centaurs (D:7)
  2 phantoms
  4 elf zombies (Ossuary)
  3 kobold brigands
  14 bullfrogs
  A necrophage (D:5)
  2 scorpions
  3 wights (D:8)
  5 killer bees (D:8)
  3 electric eels (Lair:4)
  2 howler monkeys
  5 hounds
  2 human zombies (Ossuary)
  3 jellies
  7 orc priests
  7 orc wizards
  Terence (D:3)
  2 iguanas
  6 hell rats (Lair:1)
  4 mummies (Ossuary)
  11 adders
  A shadow imp (D:6)
  An ufetubus (D:4)
  A worm (D:2)
  2 dart slugs
  16 orcs
  A ball python (D:3)
  3 bats (D:1)
  7 endoplasms
  2 giant cockroaches
  6 goblins
  3 hobgoblins
  2 jackals (Sewer)
  17 kobolds
  4 quokkas
  2 frilled lizards
  A gnoll zombie (Ossuary)
  A jackal zombie (Ossuary)
  2 orc zombies (Ossuary)
  5 rats
  2 rat zombies (Ossuary)
  8 briar patches (Swamp:2)
356 creatures vanquished.

Vanquished Creatures (others)
  4 foxfires (Swamp:1)
  23 fungi
  43 plants
70 creatures vanquished.

Grand Total: 426 creatures vanquished

Notes
Turn   | Place    | Note
-------+----------+-------------------------------------------
     0 | D:1      | Sabo the Gargoyle Berserker began the quest for the Orb.
     0 | D:1      | Reached XP level 1. HP: 14/14 MP: 1/1
   262 | D:1      | Reached skill level 3 in Axes
   262 | D:1      | Reached XP level 2. HP: 19/19 MP: 2/2
   935 | D:2      | Reached skill level 1 in Stealth
   935 | D:2      | Reached XP level 3. HP: 17/23 MP: 3/3
  1050 | D:2      | Found a faded altar of an unknown god.
  1100 | D:2      | Found Dynair's Antique Weapon Emporium.
  1451 | D:2      | Reached XP level 4. HP: 24/29 MP: 4/4
  1856 | D:3      | Found a sacrificial altar of Ru.
  1945 | D:3      | Noticed Terence
  1951 | D:3      | Killed Terence
  1952 | D:3      | Reached XP level 5. HP: 33/33 MP: 5/5
  2007 | D:3      | Reached ** piety under Trog
  2008 | D:3      | Reached skill level 4 in Axes
  2189 | D:3      | Reached XP level 6. HP: 39/39 MP: 6/6
  2310 | D:3      | Found a basalt altar of Yredelemnul.
  2725 | D:4      | Found Vitymun's Armour Shoppe.
  2733 | D:4      | Reached skill level 5 in Axes
  2854 | D:4      | Found a staircase to the Ecumenical Temple.
  3510 | D:4      | Reached XP level 7. HP: 37/44 MP: 7/7
  4266 | D:5      | Entered Level 5 of the Dungeon
  4314 | D:5      | Found a sand-covered staircase.
  4319 | Ossuary  | Entered an ossuary
  4343 | Ossuary  | Reached skill level 5 in Fighting
  4343 | Ossuary  | Reached skill level 6 in Axes
  4725 | Ossuary  | Identified 2 scrolls of acquirement
  4725 | Ossuary  | Acquired the +0 acid dragon scales of Optimism {rF+ Regen+
                  | rCorr}
  4789 | D:5      | Reached XP level 8. HP: 49/49 MP: 8/8
  4986 | D:5      | Reached skill level 7 in Axes
  5131 | D:5      | Found an opulent altar of Gozag.
  5131 | D:5      | Found a glowing golden altar of the Shining One.
  5359 | D:5      | Reached *** piety under Trog
  5491 | D:5      | Acquired the ring of Fyekla {Fly rF+ Str+2 Int+3}
  5504 | D:5      | Acquired the +1 cloak of Starlight {*Dazzle EV+4 Stlth--}
  5504 | D:5      | Found the +1 cloak of Starlight {*Dazzle EV+4 Stlth--}
  5520 | D:5      | Acquired the +8 mithril axe "Arga" {speed, Will+}
  5520 | D:5      | Found the +8 mithril axe "Arga" {speed, Will+}
  5534 | D:5      | Acquired the +2 pair of boots "Diwed" {Dex+5 SInv}
  5548 | D:5      | You are sucked into a shaft and drop 1 floor!
  5550 | D:6      | Noticed a two-headed ogre
  5561 | D:6      | Killed a two-headed ogre
  5562 | D:6      | Reached skill level 8 in Axes
  5562 | D:6      | Reached skill level 5 in Armour
  5562 | D:6      | Reached XP level 9. HP: 28/56 MP: 9/9
  5575 | D:6      | Noticed Edmund
  5583 | D:6      | Killed Edmund
  5584 | D:6      | Reached skill level 9 in Axes
  5659 | D:6      | Noticed Eustachio
  5671 | D:6      | Killed Eustachio
  5720 | D:6      | Found a glowing drain.
  5760 | Sewer    | Entered a sewer
  5846 | Sewer    | Found a glowing silver altar of Zin.
  6508 | D:7      | Found a radiant altar of Vehumet.
  6582 | D:7      | Found Mola's Tremendous Tomes.
  6879 | D:7      | Reached XP level 10. HP: 61/61 MP: 10/10
  6902 | D:7      | Reached skill level 10 in Axes
  7309 | D:8      | Reached **** piety under Trog
  7329 | D:8      | Reached skill level 5 in Stealth
  7420 | D:8      | Found a staircase to the Lair.
  7532 | D:8      | Found Dafi's General Store.
  7537 | D:8      | Bought a +0 helmet for 72 gold pieces
  8235 | Lair:1   | Entered Level 1 of the Lair of Beasts
  8271 | Lair:1   | Reached skill level 11 in Axes
  8508 | Lair:1   | Noticed a cane toad
  8514 | Lair:1   | Killed a cane toad
  8540 | Lair:1   | Identified the +2 robe of Tyqenal {rN+}
  8548 | Lair:1   | Noticed a cane toad
  8555 | Lair:1   | Killed a cane toad
  8801 | Lair:1   | Noticed an eight-headed hydra
  8816 | Lair:1   | Killed a 16-headed hydra
  8817 | Lair:1   | Reached XP level 11. HP: 23/68 MP: 11/11
  9168 | Lair:2   | Reached skill level 12 in Axes
  9424 | Lair:2   | Reached skill level 5 in Dodging
  9507 | Lair:2   | Reached ***** piety under Trog
  9540 | Lair:2   | Noticed a catoblepas
  9562 | Lair:2   | Killed a catoblepas
  9563 | Lair:2   | Reached skill level 13 in Axes
  9568 | Lair:2   | Reached XP level 12. HP: 63/76 MP: 12/12
  9723 | Lair:2   | Noticed a death yak
  9723 | Lair:2   | Noticed a death yak
  9724 | Lair:2   | Noticed a death yak
  9726 | Lair:2   | Noticed a death yak
  9739 | Lair:2   | Killed a death yak
  9747 | Lair:2   | Killed a death yak
  9748 | Lair:2   | Reached skill level 10 in Fighting
  9758 | Lair:2   | Killed a death yak
  9772 | Lair:2   | Killed a death yak
  9773 | Lair:2   | Reached skill level 14 in Axes
 10135 | Lair:2   | Identified the +1 ring mail of Nidgh {rElec rC+ Will+
                  | Dex+2}
 10422 | Lair:3   | Received a gift from Trog
 10672 | Lair:3   | Found a staircase to the Snake Pit.
 10807 | Lair:3   | Noticed Fannar
 10814 | Lair:3   | Killed Fannar
 11105 | Lair:3   | Found a staircase to the Swamp.
 11341 | Lair:4   | Identified the +5 chain mail "Vinackac" {rC- Dex+4 Slay+2
                  | SInv}
 12221 | Lair:4   | Reached XP level 13. HP: 74/84 MP: 13/13
 12365 | Lair:5   | Entered Level 5 of the Lair of Beasts
 12514 | Lair:5   | Reached skill level 15 in Axes
 12634 | Lair:5   | Found a runed translucent door.
 12635 | Lair:5   | Found a staircase to the Slime Pits.
 13259 | Lair:5   | Identified the +7 broad axe of Wisdom {antimagic, *Slow
                  | Str+3 Int+9}
 13470 | Lair:5   | Reached skill level 16 in Axes
 13759 | Slime:1  | Entered Level 1 of the Pits of Slime
 13759 | Slime:1  | Noticed an acid blob
 13759 | Slime:1  | Noticed a rockslime
 14107 | Swamp:1  | Entered Level 1 of the Swamp
 14209 | Swamp:1  | Noticed a bunyip
 14228 | Swamp:1  | Killed a bunyip
 14271 | Swamp:1  | Gained mutation: Your large and strong wings let you fly.
                  | [Gargoyle growth]
 14271 | Swamp:1  | Reached XP level 14. HP: 79/92 MP: 14/14
 14391 | Swamp:1  | Found a burning altar of Makhleb.
 14447 | Swamp:1  | Received a gift from Trog
 15117 | Swamp:2  | Noticed a thorn hunter
 15134 | Swamp:2  | Killed from afar by a thorn hunter

Illustrated notes

Levels and vault maps discovered:
D:1:      amcnicky_arrival_feature_with_door, layout_loops_cross
D:2:      layout_loops_ring, basic_ecumenical_altar, serial_shops, shop
D:3:      layout_rooms, mainiacjoe_overflow_surrounded_room,
          nicolae_ru_great_annihilating_truth, uniq_terence
D:4:      layout_basic, minmay_temple_entry_grid, serial_shops,
          nicolae_shop_trees
D:5:      layout_gridville, gammafunk_temple_overflow_wave, enter_ossuary_5,
          hangedman_decor_growths
D:6:      layout_rooms, gup_sewer_entry_glass, uniq_edmund, uniq_eustachio
D:7:      layout_gridville, vehumet_crystals, nicolae_shop_i_like_big_books
D:8:      layout_loops_corners, grunt_lair_entry_orc_guard_hut, serial_shops,
          kennysheep_little_box
Lair:1:   layout_small_grid, grunt_megastairs_5
Lair:2:   layout_cave_pods, grunt_forest_large_clearings
Lair:3:   layout_roguey, minmay_swamp_entry_worms,
          minmay_snake_entry_guardpost_medium, uniq_fannar
Lair:4:   layout_cave_pods, serial_bayou_lake_a
Lair:5:   evilmike_catoblepas_cave, layout_misc_corridors, slime_entry_2
Swamp:1:  layout_basic_swamp, basic_altar, nicolae_swamp_bean_lake,
          infiniplex_staircase_pool
Swamp:2:  layout_basic_swamp, evilmike_swamp_ruin_house_2,
          nicolae_swamp_tree_designs
Slime:1:  layout_caves

Skill      XL: |  1  2  3  4  5  6  7  8  9 10 11 12 13 |
---------------+----------------------------------------+-----
Axes           | 3 4 5 6 8 9 11 13 14 16 | 16.7
Stealth        | 1 2 4 6 7 8 |  8.7
Fighting       | 4 5 6 8 9 10 12 | 12.6
Armour         | 3 4 5 6 |  6.9
Dodging        | 2 3 4 5 6 |  6.9

Action                   |  1- 3 |  4- 6 |  7- 9 | 10-12 | 13-15 || total
-------------------------+-------+-------+-------+-------+-------++-------
Melee: Hand axe          |    65 |    91 |    12 |       |       ||   168
       Punch             |       |     1 |     2 |     3 |    11 ||    17
       War axe           |       |       |   108 |       |       ||   108
       Broad axe         |       |       |    88 |   449 |   322 ||   859
Invok: Berserk           |       |     4 |     3 |     2 |     3 ||    12
  Use: Scroll            |       |     2 |    14 |     7 |     5 ||    28
       Potion            |       |       |     1 |       |     2 ||     3
 Stab: Paralysed         |       |     4 |       |       |       ||     4
       Invisible         |       |       |     2 |    22 |    15 ||    39
Armor: Animal skin       |     6 |       |       |       |       ||     6
       Plate armour      |    50 |    27 |    35 |       |       ||   112
       Chain mail        |       |    40 |       |       |       ||    40
       Acid dragon scale |       |       |    64 |   143 |   121 ||   328
Dodge: Dodged            |    28 |    43 |   137 |   363 |   198 ||   769
